Penguins vs Capitals

Created - October 11 2007 at 18:30

Goals
1 2 3 T
Penguins 0 1 0 1
Capitals 2 1 1 4
Shots
1 2 3 T
Penguins 6 10 9 25
Capitals 9 4 4 17

Period #1

1. Capitals , Steve Eminger 1 (Dainius Zubrus, David Vyborny) at 3:33 (PP)
2. Capitals , Ryane Clowe 1 (Adrian Aucoin, Richard Zednik) at 16:41 (PP)

Penalities :
Brooks Orpik (PIT) for Hooking (Minor) at 3:29, Alexander Ovechkin (WSH) for Fighting (Major) at 4:00, Martin Lapointe (PIT) for Fighting (Major) at 4:00, Brian Pothier (WSH) for Hooking (Minor) at 6:31, Dainius Zubrus (WSH) for Hooking (Minor) at 6:53, Taylor Pyatt (PIT) for Roughing (Minor) at 15:53

Period #2

3. Penguins , Kris Draper 2 (Josef Melichar, Michel Ouellet) at 8:45
4. Capitals , Alexander Ovechkin 3 (Steve Eminger) at 10:40

Penalities :
Ryane Clowe (WSH) for Holding Stick (Minor) at 2:38, Alexander Ovechkin (WSH) for Hooking (Minor) at 17:48, Alexander Semin (WSH) for Hooking (Minor) at 19:49

Period #3

5. Capitals , Alexander Semin 4 (Chris Clark, Shaone Morrisonn) at 5:34

Penalities :
Ryan Malone (PIT) for Hooking (Minor) at 3:09, Ryane Clowe (WSH) for Interference (Minor) at 9:31, Steve Eminger (WSH) for Interference (Minor) at 14:10, Sidney Crosby (PIT) for Hooking (Minor) at 18:12

Goalie Stats

Marc-Andre Fleury (PIT), 13 saves from 17 shots - (0.765), L, 1-2-0, 60:00 minutes
Marty Turco (WSH), 24 saves from 25 shots - (0.960), W, 2-4-1, 60:00 minutes

Players Stats

Penguins
Player Name              G  A  P  +/- PIM S  H  SB FO MP 
-----------------------------------------------------------
Brooks Orpik             0  0  0  -2  2   0  1  1  0  18 
Christian Backman        0  0  0   1  0   2  1  0  0  21 
Dominic Moore            0  0  0   0  0   2  0  0  1  11 
Evgeni Malkin            0  0  0   0  0   4  1  0  21 22 
Glen Wesley              0  0  0   0  0   0  1  0  0  18 
Jere Lehtinen            0  0  0   0  0   2  0  0  0  18 
Josef Melichar           0  1  1   1  0   3  1  1  0  21 
Kris Draper              1  0  1  -1  0   2  2  1  17 18 
Kristopher Letang        0  0  0   0  0   0  0  0  0  9  
Mark Eaton               0  0  0  -2  0   0  0  1  0  15 
Mark Parrish             0  0  0   0  0   1  1  1  3  23 
Martin Lapointe          0  0  0  -2  5   0  1  0  1  14 
Maxime Talbot            0  0  0   0  0   0  0  0  8  8  
Michel Ouellet           0  1  1   1  0   2  1  0  0  19 
Ryan Malone              0  0  0  -2  2   5  2  0  1  15 
Scott Hannan             0  0  0   0  0   0  0  1  0  25 
Sidney Crosby            0  0  0   0  2   0  1  0  21 19 
Taylor Pyatt             0  0  0   1  2   2  2  0  1  20 
Capitals
Player Name              G  A  P  +/- PIM S  H  SB FO MP 
-----------------------------------------------------------
Adrian Aucoin            0  1  1  -1  0   0  2  1  0  17 
Alexander Ovechkin       1  0  1   1  7   3  2  0  2  21 
Alexander Semin          1  0  1   1  2   2  0  0  14 19 
Ben Clymer               0  0  0   0  0   0  1  2  0  21 
Brian Pothier            0  0  0   0  2   0  2  1  0  24 
Brian Sutherby           0  0  0   1  0   0  0  0  17 14 
Bryan Muir               0  0  0   1  0   0  0  1  0  20 
Chris Clark              0  1  1   1  0   2  3  0  1  12 
Dainius Zubrus           0  1  1   0  2   0  2  0  10 10 
David Vyborny            0  1  1   0  0   2  0  0  2  12 
Kris Beech               0  0  0  -1  0   0  3  0  21 21 
Matt Cooke               0  0  0  -1  0   3  2  0  1  16 
Matt Pettinger           0  0  0   1  0   0  1  1  2  11 
Richard Zednik           0  1  1  -1  0   1  1  2  1  19 
Ryane Clowe              1  0  1   1  4   2  2  0  1  13 
Shaone Morrisonn         0  1  1   1  0   1  1  1  0  24 
Steve Eminger            1  1  2   1  2   1  0  1  0  20 
Trent Hunter             0  0  0   0  0   0  5  0  2  11 

3 Stars

1 - Marty Turco (WSH)
2 - Steve Eminger (WSH)
3 - Alexander Ovechkin (WSH)

Power Play

Penguins - 0 on 7 Attempt(s) - 0.00%
Capitals - 2 on 4 Attempt(s) - 50.00%

Penalty Kill

Penguins - 2 on 4 Attempt(s) - 50.00% - Score 0 goal in Penalty Kill
Capitals - 7 on 7 Attempt(s) - 100.00% - Score 0 goal in Penalty Kill

Game Notes

Alexander Ovechkin and Martin Lapointe fight to a draw at 4:00 of 1st period

Finance

Level 1 -- Attendance: 3977 (61.18%) -- Ticket Income $397,700.00
Level 2 -- Attendance: 3617 (65.76%) -- Ticket Income $217,020.00
Level 3 -- Attendance: 1917 (76.69%) -- Ticket Income $67,095.00
Level 4 -- Attendance: 3890 (86.44%) -- Ticket Income $77,800.00
Luxury Box -- Attendance: 658 (65.76%) -- Ticket Income $131,600.00
Game was played at the MCI Center
Total Attendance: 14059 (70.30%)
Total Ticket Income: $943,412.30
Other Income: $114,744.30
Total Income: $1,058,156.00


Play by Play

Period #1

0:01 of 1st period - Sidney Crosby wins face-off versus Alexander Semin in neutral zone.
0:03 of 1st period - Jere Lehtinen is hit by Adrian Aucoin and loses puck.
1:00 of 1st period - Icing by Christian Backman.
1:01 of 1st period - Kris Beech wins face-off versus Evgeni Malkin in Penguins zone.
1:20 of 1st period - Shot by Kris Beech.
1:20 of 1st period - Shot Misses the Net.
1:24 of 1st period - Shot by Matt Cooke.
1:24 of 1st period - Shot Misses the Net.
1:28 of 1st period - Shot by Shaone Morrisonn.
1:28 of 1st period - Stopped by Marc-Andre Fleury without a rebound.
1:29 of 1st period - Kris Draper wins face-off versus Brian Sutherby in Penguins zone.
1:44 of 1st period - Shot by Kris Draper.
1:44 of 1st period - Stopped by Marty Turco without a rebound.
1:45 of 1st period - Dominic Moore wins face-off versus Kris Beech in Capitals zone.
1:50 of 1st period - Shot by Maxime Talbot.
1:50 of 1st period - Deflect By Mark Parrish.
1:50 of 1st period - Shot Blocked by Richard Zednik.
1:54 of 1st period - Shot by Dominic Moore.
1:54 of 1st period - Stopped by Marty Turco with a rebound.
2:42 of 1st period - Shot by Taylor Pyatt.
2:42 of 1st period - Shot Blocked by Matt Pettinger.
2:54 of 1st period - Evgeni Malkin is hit by Chris Clark and loses puck.
3:06 of 1st period - Icing by Josef Melichar.
3:07 of 1st period - Brian Sutherby wins face-off versus Evgeni Malkin in Penguins zone.
3:29 of 1st period - Minor Penalty to Brooks Orpik for Hooking.
3:30 of 1st period - David Vyborny wins face-off versus Sidney Crosby in Penguins zone.
3:31 of 1st period - Shot by Dainius Zubrus.
3:31 of 1st period - Shot Blocked by Scott Hannan.
3:33 of 1st period - Shot by Steve Eminger.
3:33 of 1st period - Goal by Steve Eminger - Penguins : 0 - Capitals : 1.
3:34 of 1st period - Kris Draper wins face-off versus Alexander Semin in neutral zone.
3:47 of 1st period - Shot by Alexander Semin.
3:47 of 1st period - Deflect By Alexander Ovechkin.
3:47 of 1st period - Shot Misses the Net.
3:49 of 1st period - Shot by David Vyborny.
3:49 of 1st period - Stopped by Marc-Andre Fleury with a rebound.
4:00 of 1st period - Alexander Ovechkin and Martin Lapointe fight to a draw.
4:00 of 1st period - Penalty to Alexander Ovechkin for Fighting.
4:00 of 1st period - Penalty to Martin Lapointe for Fighting.
4:01 of 1st period - Kris Beech wins face-off versus Sidney Crosby in Penguins zone.
4:29 of 1st period - Shot by Mark Parrish.
4:29 of 1st period - Stopped by Marty Turco without a rebound.
4:30 of 1st period - Brian Sutherby wins face-off versus Evgeni Malkin in Capitals zone.
4:35 of 1st period - Shot by Michel Ouellet.
4:35 of 1st period - Stopped by Marty Turco without a rebound.
4:36 of 1st period - Trent Hunter wins face-off versus Kris Draper in Capitals zone.
4:36 of 1st period - Trent Hunter is hit by Kris Draper.
4:47 of 1st period - Icing by Mark Eaton.
4:48 of 1st period - Brian Sutherby wins face-off versus Kris Draper in Penguins zone.
4:54 of 1st period - Ryane Clowe is hit by Ryan Malone and loses puck.
5:47 of 1st period - Shot by David Vyborny.
5:47 of 1st period - Shot Misses the Net.
5:52 of 1st period - Off-side.
5:53 of 1st period - Kris Beech wins face-off versus Maxime Talbot in neutral zone.
6:04 of 1st period - Dominic Moore is hit by Matt Cooke and loses puck.
6:19 of 1st period - Shot by Matt Cooke.
6:19 of 1st period - Stopped by Marc-Andre Fleury without a rebound.
6:20 of 1st period - Evgeni Malkin wins face-off versus Alexander Semin in Penguins zone.
6:20 of 1st period - Evgeni Malkin is hit by Chris Clark.
6:31 of 1st period - Minor Penalty to Brian Pothier for Hooking.
6:32 of 1st period - Kris Beech wins face-off versus Sidney Crosby in Capitals zone.
6:38 of 1st period - Icing by Scott Hannan.
6:39 of 1st period - Sidney Crosby wins face-off versus Kris Beech in Penguins zone.
6:53 of 1st period - Minor Penalty to Dainius Zubrus for Hooking.
6:54 of 1st period - Kris Beech wins face-off versus Evgeni Malkin in neutral zone.
7:32 of 1st period - Shot by Taylor Pyatt.
7:32 of 1st period - Stopped by Marty Turco without a rebound.
7:33 of 1st period - Kris Beech wins face-off versus Sidney Crosby in Capitals zone.
8:40 of 1st period - Shot by Ryan Malone.
8:40 of 1st period - Stopped by Marty Turco without a rebound.
8:41 of 1st period - David Vyborny wins face-off versus Kris Draper in Capitals zone.
9:30 of 1st period - Off-side.
9:31 of 1st period - Brian Sutherby wins face-off versus Maxime Talbot in neutral zone.
10:54 of 1st period - Shot by Matt Cooke.
10:54 of 1st period - Stopped by Marc-Andre Fleury without a rebound.
10:55 of 1st period - Evgeni Malkin wins face-off versus Alexander Semin in Penguins zone.
12:45 of 1st period - Shot by Alexander Semin.
12:45 of 1st period - Stopped by Marc-Andre Fleury without a rebound.
12:46 of 1st period - Brian Sutherby wins face-off versus Sidney Crosby in Penguins zone.
12:51 of 1st period - Shot by Alexander Ovechkin.
12:51 of 1st period - Stopped by Marc-Andre Fleury without a rebound.
12:52 of 1st period - Evgeni Malkin wins face-off versus Brian Sutherby in Penguins zone.
13:17 of 1st period - Shot by Michel Ouellet.
13:17 of 1st period - Shot Blocked by Adrian Aucoin.
13:19 of 1st period - Shot by Evgeni Malkin.
13:19 of 1st period - Shot Misses the Net.
13:21 of 1st period - Shot by Evgeni Malkin.
13:21 of 1st period - Shot Misses the Net.
14:03 of 1st period - Icing by Sidney Crosby.
14:04 of 1st period - Sidney Crosby wins face-off versus Kris Beech in Penguins zone.
14:04 of 1st period - Sidney Crosby is hit by Kris Beech.
14:07 of 1st period - Jere Lehtinen is hit by Kris Beech and loses puck.
15:18 of 1st period - Alexander Ovechkin is hit by Christian Backman and loses puck.
15:42 of 1st period - Shot by Evgeni Malkin.
15:42 of 1st period - Shot Misses the Net.
15:53 of 1st period - Minor Penalty to Taylor Pyatt for Roughing.
15:54 of 1st period - Sidney Crosby wins face-off versus Dainius Zubrus in Capitals zone.
16:41 of 1st period - Shot by Ryane Clowe.
16:41 of 1st period - Goal by Ryane Clowe - Penguins : 0 - Capitals : 2.
16:42 of 1st period - Maxime Talbot wins face-off versus Kris Beech in neutral zone.
16:47 of 1st period - Shot by Maxime Talbot.
16:47 of 1st period - Shot Hit the Post.
17:46 of 1st period - Icing by Chris Clark.
17:47 of 1st period - Ryan Malone wins face-off versus Alexander Semin in Capitals zone.
19:11 of 1st period - Shot by Richard Zednik.
19:11 of 1st period - Stopped by Marc-Andre Fleury without a rebound.
19:12 of 1st period - Evgeni Malkin wins face-off versus Alexander Semin in Penguins zone.

Period #2

0:01 of 2nd period - Alexander Semin wins face-off versus Sidney Crosby in neutral zone.
0:01 of 2nd period - Alexander Semin is hit by Sidney Crosby.
0:37 of 2nd period - Shot by Alexander Semin.
0:37 of 2nd period - Shot Misses the Net.
0:39 of 2nd period - Shot by David Vyborny.
0:39 of 2nd period - Shot Misses the Net.
0:48 of 2nd period - Icing by Adrian Aucoin.
0:49 of 2nd period - Alexander Semin wins face-off versus Evgeni Malkin in Capitals zone.
1:22 of 2nd period - Evgeni Malkin is hit by Kris Beech and loses puck.
2:04 of 2nd period - Icing by Brooks Orpik.
2:05 of 2nd period - Kris Draper wins face-off versus Brian Sutherby in Penguins zone.
2:05 of 2nd period - Kris Draper is hit by Ryane Clowe.
2:15 of 2nd period - Shot by Martin Lapointe.
2:15 of 2nd period - Shot Misses the Net.
2:38 of 2nd period - Minor Penalty to Ryane Clowe for Holding Stick.
2:39 of 2nd period - Sidney Crosby wins face-off versus Dainius Zubrus in Penguins zone.
2:39 of 2nd period - Sidney Crosby is hit by Trent Hunter.
3:13 of 2nd period - Shot by Jere Lehtinen.
3:13 of 2nd period - Shot Misses the Net.
5:07 of 2nd period - Shot by Alexander Semin.
5:07 of 2nd period - Deflect By David Vyborny.
5:07 of 2nd period - Stopped by Marc-Andre Fleury without a rebound.
5:08 of 2nd period - Kris Beech wins face-off versus Maxime Talbot in Penguins zone.
6:38 of 2nd period - Icing by Steve Eminger.
6:39 of 2nd period - Brian Sutherby wins face-off versus Kris Draper in Capitals zone.
7:22 of 2nd period - Shot by Ryan Malone.
7:22 of 2nd period - Stopped by Marty Turco with a rebound.
7:50 of 2nd period - Shot by Michel Ouellet.
7:50 of 2nd period - Shot Misses the Net.
7:54 of 2nd period - Shot by Evgeni Malkin.
7:54 of 2nd period - Stopped by Marty Turco without a rebound.
7:55 of 2nd period - Sidney Crosby wins face-off versus Matt Cooke in Capitals zone.
8:04 of 2nd period - Shot by Evgeni Malkin.
8:04 of 2nd period - Deflect By Sidney Crosby.
8:04 of 2nd period - Shot Misses the Net.
8:08 of 2nd period - Shot by Jere Lehtinen.
8:08 of 2nd period - Shot Misses the Net.
8:41 of 2nd period - Shot by Taylor Pyatt.
8:41 of 2nd period - Deflect By Michel Ouellet.
8:41 of 2nd period - Shot Blocked by Richard Zednik.
8:43 of 2nd period - Shot by Josef Melichar.
8:43 of 2nd period - Shot Misses the Net.
8:45 of 2nd period - Shot by Kris Draper.
8:45 of 2nd period - Goal by Kris Draper - Penguins : 1 - Capitals : 2.
8:46 of 2nd period - Maxime Talbot wins face-off versus Alexander Semin in neutral zone.
9:30 of 2nd period - Shot by Evgeni Malkin.
9:30 of 2nd period - Shot Blocked by Bryan Muir.
9:34 of 2nd period - Shot by Taylor Pyatt.
9:34 of 2nd period - Shot Misses the Net.
9:38 of 2nd period - Shot by Evgeni Malkin.
9:38 of 2nd period - Stopped by Marty Turco without a rebound.
9:39 of 2nd period - Brian Sutherby wins face-off versus Kris Draper in Capitals zone.
9:39 of 2nd period - Brian Sutherby is hit by Ryan Malone.
9:54 of 2nd period - Off-side.
9:55 of 2nd period - Evgeni Malkin wins face-off versus Kris Beech in neutral zone.
9:58 of 2nd period - Shot by Michel Ouellet.
9:58 of 2nd period - Shot Misses the Net.
10:00 of 2nd period - Shot by Christian Backman.
10:00 of 2nd period - Stopped by Marty Turco without a rebound.
10:01 of 2nd period - Brian Sutherby wins face-off versus Sidney Crosby in Capitals zone.
10:06 of 2nd period - Glen Wesley is hit by Ryane Clowe and loses puck.
10:17 of 2nd period - Shot by Ryane Clowe.
10:17 of 2nd period - Shot Misses the Net.
10:32 of 2nd period - Icing by Brian Sutherby.
10:33 of 2nd period - Kris Draper wins face-off versus Brian Sutherby in Capitals zone.
10:40 of 2nd period - Shot by Alexander Ovechkin.
10:40 of 2nd period - Goal by Alexander Ovechkin - Penguins : 1 - Capitals : 3.
10:41 of 2nd period - Evgeni Malkin wins face-off versus Kris Beech in neutral zone.
10:47 of 2nd period - Michel Ouellet is hit by Ben Clymer and loses puck.
10:54 of 2nd period - Shot by Taylor Pyatt.
10:54 of 2nd period - Stopped by Marty Turco without a rebound.
10:55 of 2nd period - Kris Draper wins face-off versus Chris Clark in Capitals zone.
11:13 of 2nd period - Off-side.
11:14 of 2nd period - Kris Beech wins face-off versus Evgeni Malkin in neutral zone.
11:20 of 2nd period - Richard Zednik is hit by Taylor Pyatt and loses puck.
12:40 of 2nd period - Adrian Aucoin is hit by Mark Parrish and loses puck.
12:49 of 2nd period - Shot by Jere Lehtinen.
12:49 of 2nd period - Stopped by Marty Turco with a rebound.
13:55 of 2nd period - Icing by Bryan Muir.
13:56 of 2nd period - Maxime Talbot wins face-off versus Brian Sutherby in Capitals zone.
14:05 of 2nd period - Shot by Ryane Clowe.
14:05 of 2nd period - Stopped by Marc-Andre Fleury without a rebound.
14:06 of 2nd period - Alexander Semin wins face-off versus Evgeni Malkin in Penguins zone.
14:15 of 2nd period - Shot by Taylor Pyatt.
14:15 of 2nd period - Shot Blocked by Brian Pothier.
14:17 of 2nd period - Shot by Josef Melichar.
14:17 of 2nd period - Stopped by Marty Turco without a rebound.
14:18 of 2nd period - Alexander Semin wins face-off versus Sidney Crosby in Capitals zone.
14:54 of 2nd period - Icing by Glen Wesley.
14:55 of 2nd period - Sidney Crosby wins face-off versus Kris Beech in Penguins zone.
15:16 of 2nd period - Josef Melichar is hit by Richard Zednik and loses puck.
15:27 of 2nd period - Kris Beech is hit by Josef Melichar and loses puck.
15:35 of 2nd period - Icing by Shaone Morrisonn.
15:36 of 2nd period - Kris Draper wins face-off versus Kris Beech in Capitals zone.
15:37 of 2nd period - Shot by Ryan Malone.
15:37 of 2nd period - Stopped by Marty Turco without a rebound.
15:38 of 2nd period - Kris Draper wins face-off versus Brian Sutherby in Capitals zone.
15:58 of 2nd period - Shot by Ryane Clowe.
15:58 of 2nd period - Deflect By Alexander Ovechkin.
15:58 of 2nd period - Stopped by Marc-Andre Fleury without a rebound.
15:59 of 2nd period - Evgeni Malkin wins face-off versus Matt Pettinger in Penguins zone.
15:59 of 2nd period - Michel Ouellet is hit by Matt Pettinger and loses puck.
16:15 of 2nd period - Chris Clark is hit by Michel Ouellet and loses puck.
16:20 of 2nd period - Shot by Chris Clark.
16:20 of 2nd period - Shot Misses the Net.
16:22 of 2nd period - Shot by Matt Pettinger.
16:22 of 2nd period - Shot Blocked by Josef Melichar.
16:36 of 2nd period - Brian Pothier is hit by Taylor Pyatt and loses puck.
16:40 of 2nd period - Icing by Matt Pettinger.
16:41 of 2nd period - Sidney Crosby wins face-off versus Matt Pettinger in Capitals zone.
16:41 of 2nd period - Sidney Crosby is hit by Brian Pothier.
17:24 of 2nd period - Shot by Sidney Crosby.
17:24 of 2nd period - Shot Blocked by Ben Clymer.
17:31 of 2nd period - Off-side.
17:32 of 2nd period - Kris Draper wins face-off versus Brian Sutherby in neutral zone.
17:40 of 2nd period - Ryan Malone is hit by Alexander Ovechkin and loses puck.
17:48 of 2nd period - Minor Penalty to Alexander Ovechkin for Hooking.
17:49 of 2nd period - Evgeni Malkin wins face-off versus Dainius Zubrus in Capitals zone.
17:52 of 2nd period - Shot by Evgeni Malkin.
17:52 of 2nd period - Deflect By Taylor Pyatt.
17:52 of 2nd period - Shot Misses the Net.
18:28 of 2nd period - Shot by Michel Ouellet.
18:28 of 2nd period - Shot Misses the Net.
18:54 of 2nd period - Shot by Jere Lehtinen.
18:54 of 2nd period - Stopped by Marty Turco without a rebound.
18:55 of 2nd period - Kris Beech wins face-off versus Mark Parrish in Capitals zone.
19:49 of 2nd period - Minor Penalty to Alexander Semin for Hooking.
19:50 of 2nd period - Alexander Ovechkin wins face-off versus Mark Parrish in Capitals zone.

Period #3

0:01 of 3rd period - Mark Parrish wins face-off versus Trent Hunter in neutral zone.
1:14 of 3rd period - Shot by Michel Ouellet.
1:14 of 3rd period - Shot Blocked by Steve Eminger.
1:23 of 3rd period - Christian Backman is hit by Trent Hunter and loses puck.
2:06 of 3rd period - Shot by Ryan Malone.
2:06 of 3rd period - Stopped by Marty Turco without a rebound.
2:07 of 3rd period - Maxime Talbot wins face-off versus Richard Zednik in Capitals zone.
2:07 of 3rd period - Dominic Moore is hit by Shaone Morrisonn and loses puck.
2:37 of 3rd period - Icing by Kris Beech.
2:38 of 3rd period - Kris Draper wins face-off versus Kris Beech in Capitals zone.
2:39 of 3rd period - Shot by Martin Lapointe.
2:39 of 3rd period - Shot Blocked by Ben Clymer.
2:43 of 3rd period - Shot by Ryan Malone.
2:43 of 3rd period - Stopped by Marty Turco without a rebound.
2:44 of 3rd period - Brian Sutherby wins face-off versus Kris Draper in Capitals zone.
2:46 of 3rd period - Icing by Alexander Ovechkin.
2:47 of 3rd period - Ryane Clowe wins face-off versus Martin Lapointe in Capitals zone.
2:47 of 3rd period - Ryane Clowe is hit by Martin Lapointe.
3:09 of 3rd period - Minor Penalty to Ryan Malone for Hooking.
3:10 of 3rd period - Dainius Zubrus wins face-off versus Sidney Crosby in Penguins zone.
4:25 of 3rd period - Icing by Brian Sutherby.
4:26 of 3rd period - Brian Sutherby wins face-off versus Kris Draper in Capitals zone.
5:15 of 3rd period - Mark Eaton is hit by Chris Clark and loses puck.
5:32 of 3rd period - Shot by Chris Clark.
5:32 of 3rd period - Shot Misses the Net.
5:34 of 3rd period - Shot by Alexander Semin.
5:34 of 3rd period - Goal by Alexander Semin - Penguins : 1 - Capitals : 4.
5:35 of 3rd period - Kris Beech wins face-off versus Maxime Talbot in neutral zone.
6:21 of 3rd period - Icing by Shaone Morrisonn.
6:22 of 3rd period - Evgeni Malkin wins face-off versus Kris Beech in Capitals zone.
6:29 of 3rd period - Shot by Michel Ouellet.
6:29 of 3rd period - Stopped by Marty Turco with a rebound.
6:31 of 3rd period - Shot by Josef Melichar.
6:31 of 3rd period - Stopped by Marty Turco without a rebound.
6:32 of 3rd period - Kris Draper wins face-off versus Alexander Semin in Capitals zone.
6:36 of 3rd period - Martin Lapointe is hit by Brian Pothier and loses puck.
7:09 of 3rd period - Matt Pettinger is hit by Brooks Orpik and loses puck.
8:00 of 3rd period - Shot by Evgeni Malkin.
8:00 of 3rd period - Shot Misses the Net.
8:02 of 3rd period - Shot by Christian Backman.
8:02 of 3rd period - Stopped by Marty Turco without a rebound.
8:03 of 3rd period - Sidney Crosby wins face-off versus Kris Beech in Capitals zone.
8:07 of 3rd period - Jere Lehtinen is hit by Matt Cooke and loses puck.
8:40 of 3rd period - Shot by Sidney Crosby.
8:40 of 3rd period - Shot Blocked by Shaone Morrisonn.
9:31 of 3rd period - Minor Penalty to Ryane Clowe for Interference.
9:32 of 3rd period - Evgeni Malkin wins face-off versus Dainius Zubrus in Penguins zone.
9:32 of 3rd period - Evgeni Malkin is hit by Dainius Zubrus.
9:41 of 3rd period - Michel Ouellet is hit by Trent Hunter and loses puck.
9:49 of 3rd period - Taylor Pyatt is hit by Dainius Zubrus and loses puck.
10:10 of 3rd period - Glen Wesley is hit by Trent Hunter and loses puck.
11:06 of 3rd period - Evgeni Malkin is hit by Alexander Ovechkin and loses puck.
11:24 of 3rd period - Icing by Scott Hannan.
11:25 of 3rd period - Dainius Zubrus wins face-off versus Sidney Crosby in Penguins zone.
11:43 of 3rd period - Shot by Chris Clark.
11:43 of 3rd period - Shot Misses the Net.
11:45 of 3rd period - Shot by Chris Clark.
11:45 of 3rd period - Shot Blocked by Kris Draper.
11:49 of 3rd period - Shot by Alexander Semin.
11:49 of 3rd period - Deflect By Chris Clark.
11:49 of 3rd period - Stopped by Marc-Andre Fleury with a rebound.
11:51 of 3rd period - Shot by Chris Clark.
11:51 of 3rd period - Stopped by Marc-Andre Fleury with a rebound.
11:55 of 3rd period - Shot by Matt Pettinger.
11:55 of 3rd period - Shot Blocked by Mark Eaton.
11:57 of 3rd period - Shot by Chris Clark.
11:57 of 3rd period - Shot Misses the Net.
11:59 of 3rd period - Shot by Alexander Semin.
11:59 of 3rd period - Shot Misses the Net.
12:01 of 3rd period - Shot by Ben Clymer.
12:01 of 3rd period - Shot Blocked by Brooks Orpik.
12:35 of 3rd period - Shot by Kris Beech.
12:35 of 3rd period - Shot Blocked by Mark Parrish.
12:48 of 3rd period - Off-side.
12:49 of 3rd period - Alexander Semin wins face-off versus Evgeni Malkin in neutral zone.
12:49 of 3rd period - Alexander Semin is hit by Evgeni Malkin.
12:57 of 3rd period - Shot by Evgeni Malkin.
12:57 of 3rd period - Stopped by Marty Turco with a rebound.
12:59 of 3rd period - Shot by Josef Melichar.
12:59 of 3rd period - Stopped by Marty Turco without a rebound.
13:00 of 3rd period - Sidney Crosby wins face-off versus Alexander Semin in Capitals zone.
13:02 of 3rd period - Mark Parrish is hit by Adrian Aucoin and loses puck.
14:10 of 3rd period - Minor Penalty to Steve Eminger for Interference.
14:11 of 3rd period - Evgeni Malkin wins face-off versus Dainius Zubrus in neutral zone.
15:44 of 3rd period - Shot by Dominic Moore.
15:44 of 3rd period - Stopped by Marty Turco without a rebound.
15:45 of 3rd period - Evgeni Malkin wins face-off versus Dainius Zubrus in Capitals zone.
16:57 of 3rd period - Matt Cooke is hit by Kris Draper and loses puck.
17:00 of 3rd period - Shot by Matt Cooke.
17:00 of 3rd period - Stopped by Marc-Andre Fleury without a rebound.
17:01 of 3rd period - Sidney Crosby wins face-off versus Alexander Ovechkin in Penguins zone.
17:57 of 3rd period - Shot by Alexander Semin.
17:57 of 3rd period - Shot Misses the Net.
18:04 of 3rd period - Alexander Ovechkin is hit by Glen Wesley and loses puck.
18:12 of 3rd period - Minor Penalty to Sidney Crosby for Hooking.
18:13 of 3rd period - Evgeni Malkin wins face-off versus Dainius Zubrus in Penguins zone.
18:42 of 3rd period - Shot by Evgeni Malkin.
18:42 of 3rd period - Stopped by Marty Turco with a rebound.
19:30 of 3rd period - Josef Melichar is hit by Trent Hunter and loses puck.
19:44 of 3rd period - Off-side.
19:45 of 3rd period - Dainius Zubrus wins face-off versus Taylor Pyatt in neutral zone.


Output by the SimonT Hockey Simulator (STHS) for Stephane Roy -- Original Page W3C XHTML 1.0 Valid